 Dungeon Crawl Stone Soup version 0.31-a0-496-g6f97920a28 (webtiles) character file.

Game seed: 12955490996581348004

29 AstroCodex24 the Trooper (level 3, 0/29 HPs)
             Began as a Vampire Fighter on Aug 9, 2023.
             Slain by an orc priest
             ... wielding a +0 short sword of holy wrath
              (3 damage)
             ... on level 3 of the Dungeon.
             The game lasted 00:02:47 (546 turns).

AstroCodex24 the Trooper (Vampire Fighter)           Turns: 546, Time: 00:02:49

Health: 0/29       AC: 14    Str: 17    XL:     3   Next: 1%
Magic:  3/3        EV:  4    Int: 10    God:
Gold:   54         SH:  0    Dex: 13    Spells: 2/2 levels left

rFire   . . .        a - +0 war axe
rCold   . . .        c - +0 buckler
rNeg    . . .        i - +3 plate armour
rPois   .            (no helmet)
rElec   .            (no cloak)
rCorr   .            (no gloves)
SInv    +            (no boots)
Will    .....        (no amulet) Stlth
                     (no ring)
HPRegen 0.44/turn    (no ring)
MPRegen 0.08/turn

%: no passive effects
@: confused, mighty, healing quickly
A: alive, fangs 3, see invisible, vampiric 2
a: Exsanguinate


You were on level 3 of the Dungeon.
You visited 1 branch of the dungeon, and saw 3 of its levels.

You collected 54 gold pieces.

Inventory:

Hand Weapons
 a - a +0 war axe (weapon)
Armour
 b - a +0 scale mail
 c - a +0 buckler (worn)
 i - a +3 plate armour (worn)
Talismans
 e - a maw talisman
Wands
 m - a wand of roots (2)
Scrolls
 f - a scroll of silence {unknown}
 g - a scroll of vulnerability {unknown}
 l - a scroll of torment {unknown}
Potions
 h - a potion of haste {unknown}
 j - a potion of brilliance {unknown}
 k - a potion of resistance {unknown}


   Skills:
 + Level 3.1 Fighting
 + Level 2.3 Axes
 + Level 2.6 Armour
 + Level 2.7 Shields


You had 2 spell levels left.
You didn't know any spells.
Your spell library contained the following spells:

 Spells                   Type           Power      Damage    Failure   Level
 Ozocubu's Armour         Ice            0%         N/A       100%        3
 Metabolic Englaciation   Hex/Ice        0%         N/A       100%        5
 Simulacrum               Ice/Necr       0%         N/A       100%        6


Dungeon Overview and Level Annotations

Branches:
Dungeon (3/15)

Altars:


Innate Abilities, Weirdness & Mutations

Your natural rate of healing is accelerated.
You have razor-sharp teeth.
You have supernaturally acute eyesight. (SInv)
You are afflicted with vampirism and can become a bat while bloodless.


Message History

The orc wizard hits you but does no damage.
The orc hits you but does no damage.
You slash the orc!
You kill the orc!
You barely miss the orc wizard. You closely miss the orc priest.
The orc wizard hits you but does no damage.
The orc priest hits you but does no damage.
The orc wizard hits you but does no damage.
The orc priest invokes the aid of Beogh against you.
Pain shoots through your body!
* * * LOW HITPOINT WARNING * * *
You have reached level 3!
Your experience leads to an increase in your attributes!
Increase (S)trength, (I)ntelligence, or (D)exterity?
You feel stronger. x2
You can now turn into a vampire bat when bloodless.
The orc priest hits you but does no damage.
You see here a +0 mace.
You feel very mighty all of a sudden.
The orc wizard hits you but does no damage.
The orc priest hits you but does no damage.
You barely miss the orc wizard.
The orc wizard is heavily wounded.
You hit the orc priest.
The orc priest hits you but does no damage.
The orc wizard hits you but does no damage.
You barely miss the orc priest.
The orc priest is almost dead.
You barely miss the orc wizard.
The orc priest hits you but does no damage.
The orc wizard gestures at you while chanting.
You are more confused.
You miss the orc wizard. Your bite misses the orc wizard.
The orc wizard is heavily wounded.
You closely miss the orc priest.
The orc wizard hits you but does no damage.
The orc priest hits you with a +0 short sword of holy wrath.
* * * LOW HITPOINT WARNING * * *
You convulse.
You die...

.............. #.#
.............. #.#
#............. ####.#
#........?....
...#.###.............
....##.......(.....
#..##.............
#######...#....@o)......
...............o........
#######.##..............
..#.###..######.....
#.#.# #..# ....
#.#.##...# ...
#####'#'##.#.## ##
#..............
##.........##.##


You could see an orc priest and an orc wizard.

Vanquished Creatures
  2 orcs (D:3)
  4 bats
  An endoplasm (D:2)
  3 giant cockroaches
  2 goblins
  2 hobgoblins (D:2)
  A kobold (D:1)
  A quokka (D:2)
  2 ball pythons (D:1)
  4 frilled lizards (D:2)
  3 rats (D:1)
25 creatures vanquished.

Notes
Turn   | Place    | Note
-------+----------+-------------------------------------------
     0 | D:1      | AstroCodex24 the Vampire Fighter began the quest for the
                  | Orb.
     0 | D:1      | Reached XP level 1. HP: 17/17 MP: 1/1
    77 | D:1      | Reached skill level 3 in Fighting
    79 | D:1      | Reached XP level 2. HP: 18/24 MP: 2/2
   542 | D:3      | Gained mutation: You are afflicted with vampirism and can
                  | become a bat while bloodless. [Vampire growth]
   542 | D:3      | Reached XP level 3. HP: 4/29 MP: 3/3
   546 | D:3      | Slain by an orc priest

Illustrated notes

Levels and vault maps discovered:
D:1:      nicolae_arrival_somewhat_less_tricky_arrival, layout_rooms,
          shapermc_ecumenical_altar_notcrosses, serial_shops, shop
D:2:      layout_loops_ring
D:3:      layout_basic, lemuel_zombie_altar_kikubaaqudgha, uniq_natasha,
          uniq_robin

Skill      XL: |  1 |
---------------+----+-----
Fighting       | 3 |  3.1
Axes           | 2 |  2.3
Armour         | |  2.6
Shields        | |  2.7

Action                     || total
---------------------------++-------
  Melee: War axe           ||    54
         Bite              ||     4
  Evoke: Wand              ||     1
    Use: Potion            ||     1
 Armour: Scale mail        ||    28
         Plate armour      ||    42
  Dodge: Dodged            ||    28
  Block: Buckler           ||    28

Table legend: (Time is in decaauts)
 A = Elapsed time spent in this place.
 B = Non-inter-level travel time spent in this place.
 C = Inter-level travel time spent in this place.
 D = Time resting spent in this place.
 E = Time spent auto-exploring this place.
 F = Levels seen in this place.
 G = Mean time per level.
                   A        B        C        D        E       F      G
               +--------+--------+--------+--------+--------+-----+--------+
         Total |    568 |    568 |      0 |      0 |      0 |   3 |  189.3 |
       Dungeon |    568 |    568 |      0 |      0 |      0 |   3 |  189.3 |
               +--------+--------+--------+--------+--------+-----+--------+

Top non-repeatable levels by time:
     D:2: 382 daAuts
     D:1: 137 daAuts
     D:3: 48 daAuts
